 Dungeon Crawl Stone Soup version 0.19.4-25-g1b72edd (webtiles) character file.

76526 Malhgor the Grappler (level 15, -11/156 HPs)
             Began as a Troll Monk on Feb 22, 2017.
             Was the Champion of Cheibriados.
             Mangled by a 19-headed hydra (13 damage)
             ... on level 5 of the Lair of Beasts on Feb 28, 2017.
             The game lasted 02:12:37 (19646 turns).

Malhgor the Grappler (Troll Monk)                  Turns: 19646, Time: 02:12:38

Health: -11/156    AC: 15    Str: 38    XL:     15   Next: 12%
Magic:  20/20      EV: 24    Int: 21    God:    Cheibriados [******]
Gold:   1420       SH: 14    Dex: 32    Spells: 0 memorised, 14 levels left

rFire  x . .     SeeInvis .       - Unarmed
rCold  . . .     Gourm    +     G - +2 robe of the Old World {rElec rF- rCorr}
rNeg   . . .     Faith    .     g - +0 shield
rPois  .         Spirit   .     (helmet restricted)
rElec  +         Reflect  .     L - +1 cloak
rCorr  +         Harm     .     (gloves unavailable)
MR     +....                    (boots unavailable)
Stlth  +++.......               (no amulet)
                                P - +5 ring of evasion
                                i - +6 ring of protection

@: very slow
A: unfitting armour, claws 3, fast metabolism 3, gourmand, regeneration 1,
shaggy fur 1, tough skin 2
a: Bend Time, Temporal Distortion, Slouch, Step From Time, Renounce Religion


You were on level 5 of the Lair of Beasts.
You worshipped Cheibriados.
Cheibriados was exalted by your worship.
You were completely stuffed.

You visited 3 branches of the dungeon, and saw 20 of its levels.

You collected 1420 gold pieces.

Inventory:

Hand Weapons
 M - a +2 mace of holy wrath
Missiles
 k - 277 stones (quivered)
 r - 7 javelins of penetration
 B - 6 javelins
 V - 4 throwing nets
 W - 5 tomahawks
Armour
 g - a +0 shield (worn)
 t - +0 steam dragon scales
 v - +0 steam dragon scales
 G - the +2 robe of the Old World (worn) {rElec rF- rCorr}
   (You found it on level 12 of the Dungeon)

   It makes you vulnerable to fire.
   It insulates you from electricity.
   It protects you from acid and corrosion.
 L - a +1 cloak (worn)
Jewellery
 i - a +6 ring of protection (left claw)
 N - an uncursed ring of protection from cold
 P - a +5 ring of evasion (right claw)
 S - an uncursed ring of flight
Wands
 h - a wand of acid (12/15)
 n - a wand of flame (42/48)
 q - a wand of lightning (12/15)
 w - a wand of slowing (27/48)
 z - a wand of iceblast (8/15)
 D - a wand of slowing (36/48)
 E - a wand of digging (13/24)
 I - a wand of iceblast (6/15)
Scrolls
 d - 4 scrolls of identify
 e - 7 scrolls of teleportation
 f - 9 scrolls of remove curse
 j - 3 scrolls of recharging
 m - a scroll of enchant armour
 o - 3 scrolls of fog
 p - a scroll of blinking
 y - 2 scrolls of fear
 A - a scroll of brand weapon {unknown}
Potions
 a - a potion of flight
 l - a potion of brilliance
 s - 6 potions of heal wounds
 u - 6 potions of curing
 x - 4 potions of resistance
 C - 4 potions of lignification
 J - a potion of beneficial mutation {unknown}
 X - a potion of invisibility
Miscellaneous
 T - 2 sacks of spiders
Comestibles
 b - 15 bread rations
 c - 2 meat rations
 F - a beef jerky


   Skills:
 + Level 12.0 Fighting
 + Level 9.7 Throwing
 + Level 9.2 Dodging
 - Level 1.0 Stealth
 * Level 6.7 Shields
 + Level 12.6 Unarmed Combat
 - Level 8.1 Invocations
 - Level 5.1 Evocations


You had 14 spell levels left.
You didn't know any spells.

Dungeon Overview and Level Annotations

Branches:
Dungeon (13/15)            Temple (1/1) D:6            Lair (6/6) D:11
  Swamp (0/4) Lair:2        Snake (0/4) Lair:3        Slime (0/5) Lair:5
    Orc (0/2) D:9
 Vaults: D:13-14

Altars:
Ashenzari
Cheibriados
Dithmenos
Elyvilon
Fedhas
Gozag
Hepliaklqana
Kikubaaqudgha
Makhleb
Nemelex Xobeh
Okawaru
Qazlal
Ru
Sif Muna
Trog
Uskayaw
Vehumet
Xom
Yredelemnul
Zin
The Shining One

Shops:
D:10 *

Annotations:
D:1 Done
D:2 Done
D:3 Done
D:4 Done
D:5 Done
D:6 Done
D:7 Done - 1 runed door
D:8 Done
D:9 Done
D:10 Done
D:11 Done
D:12 Done
Lair:1 Done
Lair:2 Done
Lair:3 Done
Lair:4 Done
Lair:6 exclusion: oklob plant


Innate Abilities, Weirdness & Mutations

You are too large for most types of armour.
You have claws for hands.
Your metabolism is lightning-fast.
You like to eat raw meat.
Your natural rate of healing is unusually fast.
You are covered in fur. (AC +1)
You have very tough skin. (AC +2)


Message History

You block the 18-headed hydra's attack. The 18-headed hydra bites you!
* * * LOW HITPOINT WARNING * * *
You block the 18-headed hydra's attack.
You claw one of the 18-headed hydra's heads off!
The 17-headed hydra grows two more!
You mangle the 19-headed hydra!!
The 19-headed hydra is almost dead.
The 19-headed hydra bites you.
* * * LOW HITPOINT WARNING * * *
The 19-headed hydra barely misses you. The 19-headed hydra closely misses you.
The 19-headed hydra completely misses you.
The 19-headed hydra bites you but does no damage.
You block the 19-headed hydra's attack.
The 19-headed hydra bites you but does no damage.
The 19-headed hydra completely misses you.
You block the 19-headed hydra's attack.
The 19-headed hydra bites you but does no damage. x2
The 19-headed hydra bites you!
* * * LOW HITPOINT WARNING * * *
The 19-headed hydra bites you!
You die...

### ###.#
###P#####..#######
##.P..##..#.#...P#.
#............P.....
##...........P......
#P..##.......P..P.#.
#....#.##.###....#..
#......##..#.......P
##.@................
#(D................
#................#.
##...............#.#
#.................##
#...................
##..................
##..................
#P....#.####.......#


You could see a 19-headed hydra.

Vanquished Creatures
  Nessos (D:12)
  Josephine (Lair:4)
  A great orb of eyes (Lair:5)
  A fire dragon (Lair:6)
  An ice dragon (Lair:6)
  Harold (Lair:2)
  6 hydras
  A centaur warrior (D:13)
  A queen ant (Lair:3)
  6 death yaks (Lair:6)
  Urug (Lair:5)
  Sonja (D:10)
  A skeletal warrior (D:10)
  An unseen horror (D:9)
  Pikel (D:7)
  6 hill giants
  An orc knight (D:9)
  A lindwurm (Lair:6)
  A wolf spider zombie (D:12)
  The ghost of Agrougrou the Slasher, a novice FoFi of Okawaru (D:6)
  2 ugly things
  A mana viper (Lair:3)
  A deep elf mage (D:12)
  A manticore (D:12)
  16 elephants
  Maurice (D:12)
  2 black mambas (Lair:4)
  A centaur zombie (D:12)
  9 torpor snails
  13 spiny frogs
  2 gargoyles
  10 komodo dragons
  A kobold demonologist (D:11)
  3 rime drakes (Lair:6)
  3 trolls
  A polar bear (Lair:4)
  9 hornets
  10 hippogriffs
  3 slime creatures (Lair:5)
  4 tyrant leeches (Lair:6)
  8 dream sheep
  29 blink frogs
  42 yaks
  4 wraiths (Lair:4)
  4 wyverns
  5 basilisks
  The ghost of DrClinical the Skirmisher, an amateur DsWn (D:4)
  2 hungry ghosts
  3 steam dragons (Lair:6)
  Menkaure (D:4)
  4 vampire mosquitoes (D:12)
  A mottled dragon (D:13)
  5 swamp worms (Lair:2)
  5 soldier ants (Lair:3)
  9 water moccasins
  7 porcupines
  4 swamp drakes (Lair:6)
  8 orc warriors
  5 sky beasts
  A black bear (Lair:3)
  2 ice beasts
  10 ogres
  7 phantoms
  9 centaurs
  3 necrophages
  14 wolves
  The ghost of oplop the Chiller, an amateur OpIE (D:3)
  16 crocodiles
  7 big kobolds
  A wyvern zombie (D:12)
  18 bullfrogs
  10 scorpions
  6 wights
  4 vampire bats (Lair:3)
  An electric eel (Lair:2)
  3 bullfrog zombies
  A howler monkey (D:10)
  5 crimson imps
  A quasit (D:11)
  10 hounds
  3 orc priests
  2 centaur skeletons
  2 jellies
  21 orc wizards
  17 worker ants
  7 iguanas
  A killer bee zombie (D:10)
  A hound zombie (D:8)
  A hound skeleton (D:3)
  2 worker ant zombies
  18 adders
  5 gnolls
  A howler monkey skeleton (D:3)
  2 shadow imps
  An ooze (D:4)
  3 adder skeletons
  3 worms
  4 dart slugs
  2 leopard geckos
  38 orcs
  3 ball pythons
  19 bats
  5 giant cockroaches
  7 hobgoblins
  5 jackals
  28 kobolds
  6 quokkas
  6 frilled lizards
  14 goblins
  A leopard gecko zombie (D:6)
  A quokka skeleton (D:5)
  6 rats
  3 fungi
  7 plants
650 creatures vanquished.

Vanquished Creatures (others)
  A slave (D:7)
  A bullfrog (D:7)
  A scorpion (D:7)
  2 worker ants (D:7)
  An adder (D:7)
  A shadow imp (D:7)
  An orc (D:7)
  32 fungi
  49 plants
89 creatures vanquished.

Grand Total: 739 creatures vanquished

Notes
Turn   | Place    | Note
-------+----------+-------------------------------------------
     0 | D:1      | Malhgor the Troll Monk began the quest for the Orb.
     0 | D:1      | Reached XP level 1. HP: 22/22 MP: 0/0
    99 | D:1      | Reached XP level 2. HP: 29/29 MP: 1/1
   580 | D:1      | Reached XP level 3. HP: 36/36 MP: 2/2
  1003 | D:3      | Noticed oplop's ghost (amateur OpIE)
  1264 | D:2      | Reached XP level 4. HP: 37/44 MP: 3/3
  1318 | D:3      | Reached skill level 5 in Unarmed Combat
  1700 | D:3      | Reached XP level 5. HP: 44/50 MP: 4/4
  1768 | D:3      | Found a faded altar of an unknown god.
  1798 | D:3      | Killed oplop's ghost
  1884 | D:3      | Reached XP level 6. HP: 55/59 MP: 5/5
  2302 | D:4      | Noticed DrClinical's ghost (amateur DsWn)
  2306 | D:4      | Reached skill level 1 in Throwing
  2322 | D:4      | Killed DrClinical's ghost
  2322 | D:4      | Reached XP level 7. HP: 24/67 MP: 6/6
  2497 | D:5      | Entered Level 5 of the Dungeon
  2536 | D:4      | Noticed Menkaure
  2546 | D:4      | Killed Menkaure
  3089 | D:5      | Reached XP level 8. HP: 72/78 MP: 7/7
  3327 | D:5      | Got a ripped robe
  3338 | D:5      | Identified the +1 robe of Mumblety Peg {rN+} (You found it on level 5 of the Dungeon)
  3499 | D:5      | Reached skill level 5 in Fighting
  4126 | D:6      | Found a staircase to the Ecumenical Temple.
  4135 | Temple   | Entered the Ecumenical Temple
  4230 | Temple   | Became a worshipper of Cheibriados the Contemplative
  4230 | Temple   | Reached * piety under Cheibriados
  4230 | Temple   | Reached ** piety under Cheibriados
  4543 | D:6      | Noticed Agrougrou's ghost (novice FoFi)
  4563 | D:6      | Killed Agrougrou's ghost
  4563 | D:6      | Reached XP level 9. HP: 47/89 MP: 8/8
  4700 | D:7      | Noticed Pikel
  4705 | D:7      | Killed Pikel
  4902 | D:7      | Found a white marble altar of Elyvilon.
  4906 | D:7      | Noticed an angel
  4911 | D:7      | Found a runed door.
  5239 | D:7      | Reached skill level 5 in Dodging
  5301 | D:7      | Reached *** piety under Cheibriados
  5932 | D:8      | Found a basalt altar of Yredelemnul.
  5976 | D:8      | Reached skill level 5 in Throwing
  5976 | D:8      | Reached XP level 10. HP: 97/102 MP: 9/9
  6316 | D:8      | Found Niplat's Jewellery Boutique.
  6591 | D:8      | Reached **** piety under Cheibriados
  6770 | D:9      | Found a large runed door.
  6771 | D:9      | Found a large runed door.
  6787 | D:10     | Entered Level 10 of the Dungeon
  6806 | D:9      | Found a large runed door.
  6806 | D:9      | Found a large runed door.
  7126 | D:9      | Found a staircase to the Orcish Mines.
  7591 | D:9      | Killed an unseen horror
  7651 | D:9      | Reached ***** piety under Cheibriados
  7704 | D:9      | Noticed an orc knight
  7894 | D:11     | Reached skill level 1 in Invocations
  8002 | D:10     | Noticed Sonja
  8014 | D:10     | Killed Sonja
  8014 | D:10     | Reached skill level 10 in Unarmed Combat
  8014 | D:10     | Reached XP level 11. HP: 100/113 MP: 9/11
  8020 | D:10     | Noticed a purple ugly thing
  8030 | D:10     | Killed a purple ugly thing
  8030 | D:10     | Reached skill level 1 in Evocations
  8232 | D:10     | Noticed a skeletal warrior
  8242 | D:10     | Killed a skeletal warrior
  8327 | D:10     | Noticed a hill giant
  8335 | D:10     | Noticed a hill giant
  8340 | D:10     | Killed a hill giant
  8344 | D:10     | Killed a hill giant
  8466 | D:9      | Killed an orc knight
  8788 | D:10     | Found Vicij's Assorted Antiques.
  8873 | D:10     | Noticed a hill giant
  8891 | D:10     | Killed a hill giant
  9476 | D:12     | Noticed Maurice
  9484 | D:12     | Killed Maurice
  9527 | D:11     | Noticed a hill giant
  9534 | D:11     | Killed a hill giant
  9665 | D:11     | Reached skill level 5 in Invocations
  9755 | D:11     | Reached ****** piety under Cheibriados
 10083 | D:11     | Reached XP level 12. HP: 110/126 MP: 14/14
 10096 | D:11     | Found a staircase to the Lair.
 10718 | D:13     | Noticed a centaur warrior
 10728 | D:13     | Killed a centaur warrior
 10855 | D:12     | Got a sheer robe
 10866 | D:12     | Identified the +2 robe of the Old World {rElec rF- rCorr} (You found it on level 12 of the Dungeon)
 11191 | D:12     | Reached skill level 10 in Fighting
 11350 | D:12     | Noticed Nessos
 11359 | D:12     | Killed Nessos
 11388 | D:12     | HP: 6/126 [poisoned by Nessos]
 11393 | D:12     | HP: 6/126 [poisoned by Nessos]
 11398 | D:12     | HP: 6/126 [poisoned by Nessos]
 11726 | D:12     | Upgraded the game from 0.19.4-9-g45fd643 to 0.19.4-10-g532645f
 11917 | D:12     | Upgraded the game from 0.19.4-10-g532645f to 0.19.4-12-gccf7e64
 12036 | Lair:1   | Entered Level 1 of the Lair of Beasts
 12097 | Lair:1   | Upgraded the game from 0.19.4-12-gccf7e64 to 0.19.4-25-g1b72edd
 12212 | Lair:1   | Noticed a seven-headed hydra
 12672 | Lair:1   | Killed a seven-headed hydra
 12918 | Lair:1   | Reached XP level 13. HP: 135/135 MP: 17/17
 13098 | Lair:2   | Noticed Harold
 13115 | Lair:2   | Killed Harold
 13600 | Lair:2   | Found a staircase to the Swamp.
 13828 | Lair:3   | Found a staircase to the Snake Pit.
 14707 | Lair:4   | Noticed Josephine
 14719 | Lair:4   | Killed Josephine
 15203 | Lair:5   | Reached skill level 1 in Shields
 15481 | Lair:5   | Reached skill level 5 in Evocations
 15488 | Lair:5   | Paralysed by a great orb of eyes for 2 turns
 16023 | Lair:6   | Entered Level 6 of the Lair of Beasts
 16053 | Lair:6   | Reached XP level 14. HP: 146/146 MP: 19/19
 16332 | Lair:6   | Found a blossoming altar of Fedhas.
 17051 | Lair:6   | Reached skill level 5 in Shields
 17793 | Lair:6   | Found a runed door.
 18781 | Lair:5   | Noticed Urug
 18801 | Lair:5   | Killed Urug
 18910 | Lair:5   | Reached XP level 15. HP: 156/156 MP: 20/20
 19308 | Lair:5   | Found a staircase to the Slime Pits.
 19646 | Lair:5   | HP: 2/156 [19-headed hydra (12)]
 19646 | Lair:5   | Mangled by a 19-headed hydra

Skill      XL: |  1  2  3  4  5  6  7  8  9 10 11 12 13 14 15 |
---------------+----------------------------------------------+-----
Unarmed Combat | 4 5 6 7 8 9 10 11 12 | 12.6
Fighting       | 3 4 5 7 8 9 10 11 12 | 12.0
Throwing       | 1 2 3 5 6 7 8 9 |  9.7
Dodging        | 3 4 5 6 7 8 9 |  9.2
Invocations    | 1 5 7 8 |  8.1
Evocations     | 2 4 5 |  5.1
Shields        | 2 6 |  6.7
Stealth        | |  1.0

Action                   |  1- 3 |  4- 6 |  7- 9 | 10-12 | 13-15 || total
-------------------------+-------+-------+-------+-------+-------++-------
Melee: Unarmed           |   120 |   116 |   332 |   491 |   772 ||  1831
       Punch             |     2 |     1 |    13 |    51 |    21 ||    88
       Mace              |       |       |       |     8 |     2 ||    10
Throw: Stone             |       |     1 |    79 |   544 |   553 ||  1177
       Throwing net      |       |       |       |     3 |       ||     3
       Tomahawk          |       |       |       |     5 |       ||     5
Invok: Slouch            |       |       |       |     1 |     7 ||     8
       Step From Time    |       |       |       |       |     1 ||     1
Evoke: Wand              |       |       |       |     1 |       ||     1
  Use: Scroll            |       |       |     1 |    18 |    13 ||    32
 Stab: Sleeping          |     5 |     3 |     3 |     2 |       ||    13
       Distracted        |       |       |       |     1 |     1 ||     2
       Held in net/web   |       |       |       |     1 |       ||     1
  Eat: Chunk             |    17 |    10 |    27 |    45 |    48 ||   147
Armor: Robe              |    54 |    25 |   119 |   130 |   182 ||   510
Dodge: Dodged            |    73 |    38 |   172 |   420 |   686 ||  1389
Block: Shield            |       |       |       |       |   413 ||   413
